 Dungeon Crawl Stone Soup version 0.26-a0-602-gd42a14c (webtiles) character file.

Game seed: 8534677620954900380

22843 thinklincoln the Severer (level 12, -13/112 HPs)
             Began as a Palentonga Berserker on Aug 28, 2020.
             Was a High Priest of Trog.
             Killed from afar by a merfolk aquamancer (20 damage)
             ... with a torrent of water
             ... on level 1 of the Shoals on Aug 30, 2020.
             The game lasted 01:12:56 (15030 turns).

thinklincoln the Severer (Palentonga Berserker)    Turns: 15030, Time: 01:12:56

Health: -13/112    AC: 19    Str: 20 (24) XL:     12   Next: 66%
Magic:  0/12       EV: 14    Int: 10      God:    Trog [*****.]
Gold:   2084       SH:  0    Dex: 14 (15) Spells: 11/11 levels left

rFire    . . .     SeeInvis +   r - +9 broad axe (flame)
rCold    . . .     Faith    .   (no shield)
rNeg     . . .     Spirit   +   i - +3 ring mail {rPois}
rPois    +         Reflect  .   (no helmet)
rElec    .         Harm     .   H - +0 cloak {rCorr}
rCorr    +         Rnd*Rage +   (no gloves)
MR       .....                  C - +3 barding
Stlth    +.........             m - amulet of guardian spirit
HPRegen  0.28/turn              p - +6 ring of dexterity
MPRegen  0.13/turn              y - +4 ring of evasion

@: no status effects
A: large, rugged brown scales 3, see invisible, berserk 1, deformed body,
deterioration 1, MP-powered wands, roll, armoured tail
a: Rolling Charge, Berserk, Trog's Hand, Brothers in Arms, Renounce Religion


You were on level 1 of the Shoals.
You worshipped Trog.
Trog was extremely pleased with you.
You visited 4 branches of the dungeon, and saw 16 of its levels.
You also visited: Ice Cave.

You collected 2084 gold pieces.

Inventory:

Hand Weapons
 r - a +9 broad axe of flaming (weapon)
 G - a +3 quarterstaff of chaos
Missiles
 f - 17 atropa-tipped darts (quivered)
 g - 11 silver boomerangs
 o - 38 poisoned darts
Armour
 h - a +0 tower shield
 i - a +3 ring mail of poison resistance (worn)
 C - a +3 barding (worn)
 H - a +0 cloak of preservation (worn)
 J - a scarf of repulsion
Jewellery
 a - an uncursed ring of resist corrosion
 c - an uncursed amulet of the acrobat
 e - a +6 ring of dexterity
 l - a cursed -4 ring of evasion
 m - an amulet of guardian spirit (around neck)
 p - a +6 ring of dexterity (left hand)
 s - an uncursed amulet of regeneration
 y - a +4 ring of evasion (right hand)
 z - an uncursed amulet of reflection
 B - an uncursed ring of magical power
 E - an uncursed ring of fire
 P - an uncursed ring of stealth
 Q - an uncursed ring of fire
 Z - an uncursed ring of protection from magic {unknown}
Wands
 q - a wand of digging (7)
 u - a wand of acid (10)
 x - a wand of polymorph (13)
 A - a wand of flame (50)
 R - a wand of paralysis (8)
 V - a wand of random effects (24)
Scrolls
 b - a scroll of silence
 d - 7 scrolls of teleportation
 j - a scroll of fear
 n - 2 scrolls of enchant weapon
 t - 10 scrolls of remove curse
 U - a scroll of enchant armour
 Y - a scroll of magic mapping
Potions
 w - 2 potions of flight
 F - 2 potions of stabbing
 M - 5 potions of curing
Miscellaneous
 k - a phantom mirror
 S - a phantom mirror
 W - a phial of floods


   Skills:
 + Level 9.4 Fighting
 + Level 15.3 Axes
 + Level 7.1 Armour
 + Level 5.6 Dodging
 - Level 1.7 Stealth
 * Level 3.2 Shields


You had 11 spell levels left.
You didn't know any spells.
Your spell library was empty.

Dungeon Overview and Level Annotations

Branches:
Dungeon (11/15)            Temple (1/1) D:6            Lair (3/6) D:11
 Shoals (1/4) Lair:3          Orc (0/2) D:11          IceCv (visited)
  Snake: Lair:2-4    Spider: Lair:2-4

Altars:
Ashenzari
Cheibriados
Dithmenos
Elyvilon
Fedhas
Gozag
Hepliaklqana
Kikubaaqudgha
Makhleb
Nemelex Xobeh
Okawaru
Qazlal
Ru
Sif Muna
Trog
Uskayaw
Vehumet
Wu Jian
Xom
Yredelemnul
Zin
The Shining One

Shops:
D:4 }   D:6 =

Annotations:
Lair:2 1 runed translucent door, Bacontarian's ghost, journeyman TrMo


Innate Abilities, Weirdness & Mutations

You are completely covered in rugged brown scales. (AC +3, +7% HP)
You have supernaturally acute eyesight. (SInv)
Armour fits poorly on your strangely shaped body.
You can roll at foes to attack.
You have a long armoured tail.
You tend to lose your temper in combat.
Your body sometimes deteriorates upon taking damage.
You expend magic power (3 MP) to strengthen your wands.


Message History

You gasp with relief as air once again reaches your lungs.
You feel your intelligence returning.
You miss the merfolk aquamancer.
The merfolk aquamancer barely misses you.
A cyclops comes into view.
You fail to use your ability.
The merfolk aquamancer hits you but does no damage.
The cyclops throws a large rock.
The large rock hits you!
* * * LOW HITPOINT WARNING * * *
Press: ? - help, Dir - move target cursor
As you read the scroll of blinking, it crumbles to dust.
The merfolk aquamancer casts a spell at you.
The ball of steam hits you!!
* * * LOW HITPOINT WARNING * * *
Your body deteriorates!
You feel weakened.
The merfolk aquamancer is engulfed in a cloud of scalding steam.
The merfolk aquamancer casts a spell at you.
The torrent of water passes through the water elemental.
The torrent of water hits you!!
You die...

≈≈......≈.........
≈≈≈≈≈......≈≈≈≈≈≈.......
≈≈≈≈≈...≈≈≈≈≈≈...........
≈≈≈≈≈≈...≈..≈≈..........(.
≈≈........###....####....≈
............≈...###....# ##....
≈...≈...≈≈≈≈...........# ##...
≈..≈...≈≈≈≈..≈.......### #..## .
#Y≈≈≈≈≈≈≈§.≈.@........#######
..##≈≈≈≈≈≈≈§.E.§..≈..≈..:..#
.$..Y≈≈≈..mY§§.#........≈≈..#
?....≈≈≈.m§§§§##...≈....≈≈≈≈...#
.........Y.........≈...≈≈≈≈≈≈...#
..≈....§.≈≈..≈≈.......≈≈≈≈≈≈....#
≈..)#...≈≈≈....##..≈≈≈≈≈≈≈≈≈≈≈...
≈.....≈≈≈≈≈≈≈.##...≈≈≈≈≈≈≈≈≈≈≈..>
≈.≈≈..≈≈.≈≈≈≈..###...≈≈≈≈≈≈≈≈...≈


You could see a merfolk aquamancer, a water elemental and a dream sheep.

Vanquished Creatures
  A merfolk impaler (Shoals:1)
  2 ice dragons (IceCv)
  A hydra (Lair:3)
  A merfolk avatar (Shoals:1)
  An unseen horror (D:11)
  A cyclops (D:11)
  2 ugly things (D:11)
  2 water nymphs (Shoals:1)
  A black mamba (Lair:1)
  2 ice statues (IceCv)
  A cane toad (Lair:1)
  2 rime drakes (IceCv)
  6 komodo dragons
  A troll (D:9)
  5 blink frogs (Lair:3)
  2 snapping turtles
  7 hippogriffs
  A wraith (D:10)
  2 water elementals (Shoals:1)
  10 yaks
  2 basilisks
  A steam dragon (Lair:3)
  2 wargs (D:11)
  An acid dragon (D:11)
  5 water moccasins
  6 porcupines
  3 orc warriors
  23 ice beasts
  6 phantoms
  A black bear (Lair:1)
  A necrophage (D:11)
  2 sky beasts
  2 ogres (D:9)
  6 wolves (Lair:2)
  5 centaurs
  5 crocodiles
  Blork the orc (D:6)
  10 bullfrogs
  2 gnoll sergeants
  A wyvern zombie (D:8)
  A scorpion (D:8)
  3 wights (D:7)
  6 howler monkeys
  2 bullfrog skeletons
  2 jellies
  9 orc priests
  Crazy Yiuf (D:7)
  6 hounds
  Terence (D:2)
  2 iguanas
  12 orc wizards
  8 worker ants
  A hound zombie (D:6)
  A hound skeleton (D:9)
  A worker ant zombie (D:7)
  6 adders
  6 gnolls
  A howler monkey skeleton (D:10)
  A white imp (D:9)
  3 ufetubi
  An ooze (D:4)
  An adder skeleton (D:4)
  An adder zombie (D:2)
  4 worms
  4 dart slugs
  5 leopard geckos
  52 orcs
  6 bats
  6 giant cockroaches
  9 goblins
  11 hobgoblins
  21 jackals
  8 quokkas
  2 ball pythons (D:3)
  6 frilled lizards
  8 kobolds
  2 quokka skeletons
  6 rats
362 creatures vanquished.

Vanquished Creatures (others)
  9 fungi
  17 plants
26 creatures vanquished.

Grand Total: 388 creatures vanquished

Notes
Turn   | Place    | Note
-------+----------+-------------------------------------------
     0 | D:1      | thinklincoln the Palentonga Berserker began the quest for
                  | the Orb.
     0 | D:1      | Reached XP level 1. HP: 20/20 MP: 1/1
   131 | D:1      | Reached XP level 2. HP: 18/27 MP: 2/2
  1021 | D:2      | Reached XP level 3. HP: 33/33 MP: 3/3
  1023 | D:2      | Reached ** piety under Trog
  1120 | D:2      | Noticed Terence
  1126 | D:2      | Killed Terence
  1126 | D:2      | Reached skill level 4 in Axes
  1140 | D:2      | Reached XP level 4. HP: 40/40 MP: 4/4
  1507 | D:2      | Found an opulent altar of Gozag.
  1583 | D:2      | Noticed a phantom
  1596 | D:2      | Killed a phantom
  1596 | D:2      | Reached XP level 5. HP: 49/49 MP: 2/5
  1812 | D:2      | Found a shimmering blue altar of Sif Muna.
  2480 | D:3      | Reached XP level 6. HP: 55/55 MP: 6/6
  2486 | D:3      | Reached skill level 5 in Axes
  2490 | D:3      | Reached *** piety under Trog
  2754 | D:3      | Found an ancient bone altar of Kikubaaqudgha.
  3316 | D:4      | Found Hojebrem's Gadget Emporium.
  3653 | D:4      | Found a bloodstained altar of Trog.
  4317 | D:5      | Entered Level 5 of the Dungeon
  4593 | D:5      | Found a shadowy altar of Dithmenos.
  4595 | D:5      | Noticed an ice beast
  4606 | D:5      | Killed an ice beast
  4606 | D:5      | Reached XP level 7. HP: 39/63 MP: 4/7
  4744 | D:5      | Reached skill level 6 in Axes
  4900 | D:5      | Reached **** piety under Trog
  5222 | D:6      | Found a staircase to the Ecumenical Temple.
  5249 | Temple   | Entered the Ecumenical Temple
  5429 | D:6      | Found a glowing silver altar of Zin.
  5609 | D:6      | Found Ruch's Jewellery Shoppe.
  5776 | D:6      | Reached skill level 7 in Axes
  5926 | D:6      | Found a sacrificial altar of Ru.
  5926 | D:6      | Found a faded altar of an unknown god.
  5928 | D:6      | Noticed Blork the orc
  5936 | D:6      | Killed Blork the orc
  5936 | D:6      | Reached XP level 8. HP: 71/71 MP: 8/8
  5962 | D:6      | Found a faded altar of an unknown god.
  5964 | D:6      | Found a shadowy altar of Dithmenos.
  5966 | D:6      | Found a burning altar of Makhleb.
  6276 | D:7      | Found a blossoming altar of Fedhas.
  6312 | D:7      | Reached skill level 8 in Axes
  6391 | D:7      | Reached skill level 5 in Fighting
  6708 | D:7      | Reached skill level 9 in Axes
  6784 | D:7      | Found a runed translucent door.
  6785 | D:7      | Noticed Crazy Yiuf
  6809 | D:7      | Killed Crazy Yiuf
  6910 | D:7      | Noticed a hippogriff
  6920 | D:7      | Killed a hippogriff
  6920 | D:7      | Reached XP level 9. HP: 77/79 MP: 9/9
  7161 | D:7      | Reached ***** piety under Trog
  7396 | D:8      | Received a gift from Trog
  7404 | D:8      | Reached skill level 5 in Armour
  7575 | D:8      | Gained mutation: You tend to lose your temper in combat.
                  | [potion of mutation]
  7575 | D:8      | Gained mutation: Your body sometimes deteriorates upon
                  | taking damage. [potion of mutation]
  7575 | D:8      | Gained mutation: You expend magic power (3 MP) to
                  | strengthen your wands. [potion of mutation]
  7686 | D:8      | Reached skill level 10 in Axes
  7980 | D:9      | Reached skill level 1 in Stealth
  8099 | D:9      | Noticed a troll
  8104 | D:9      | Killed a troll
  8325 | D:9      | Reached XP level 10. HP: 84/89 MP: 8/10
  8412 | D:9      | Reached skill level 11 in Axes
  8925 | D:10     | Entered Level 10 of the Dungeon
  9985 | D:11     | Noticed an unseen horror
  9998 | D:11     | Found a staircase to the Lair.
  9999 | D:11     | Killed an unseen horror
  9999 | D:11     | Reached skill level 12 in Axes
 10005 | D:11     | Noticed a cyclops
 10010 | D:11     | Found a frozen archway.
 10022 | D:11     | Killed a cyclops
 10022 | D:11     | Received a gift from Trog
 10087 | IceCv    | Entered an ice cave
 10094 | IceCv    | Reached XP level 11. HP: 50/98 MP: 11/11
 10293 | IceCv    | Reached skill level 13 in Axes
 10860 | IceCv    | Noticed an ice dragon
 10860 | IceCv    | Noticed an ice dragon
 10868 | IceCv    | Killed an ice dragon
 10869 | IceCv    | Killed an ice dragon
 10869 | IceCv    | Reached skill level 5 in Dodging
 11461 | D:11     | Found a staircase to the Orcish Mines.
 11470 | D:11     | Reached skill level 14 in Axes
 11532 | D:11     | Noticed a white ugly thing
 11542 | D:11     | Killed a white ugly thing
 11740 | D:11     | Noticed a brown ugly thing
 11752 | D:11     | Killed a brown ugly thing
 11898 | Lair:1   | Entered Level 1 of the Lair of Beasts
 12383 | Lair:1   | Reached XP level 12. HP: 81/110 MP: 9/12
 12829 | Lair:2   | Reached skill level 1 in Shields
 13003 | Lair:2   | Found a runed translucent door.
 13003 | Lair:2   | Found a shimmering altar of Xom.
 13003 | Lair:2   | Noticed Bacontarian's ghost (journeyman TrMo)
 13667 | Lair:3   | Upgraded the game from 0.26-a0-599-gc8f6553 to
                  | 0.26-a0-602-gd42a14c
 13723 | Lair:3   | Noticed a six-headed hydra
 13725 | Lair:3   | Received a gift from Trog
 13729 | Lair:3   | Killed a three-headed hydra
 13790 | Lair:3   | Reached skill level 15 in Axes
 14404 | Lair:3   | Found a staircase to the Shoals.
 14461 | Shoals:1 | Entered Level 1 of the Shoals
 14608 | Shoals:1 | Noticed a merfolk impaler
 14611 | Shoals:1 | Noticed a merfolk avatar
 14622 | Shoals:1 | Killed a merfolk avatar
 14635 | Shoals:1 | Killed a merfolk impaler
 15015 | Shoals:1 | Noticed a merfolk aquamancer
 15030 | Shoals:1 | Killed from afar by a merfolk aquamancer

Illustrated notes

Levels and vault maps discovered:
D:1:      lightli_arrival_statue_moat, layout_loops_cross, hex_tiny,
          minmay_pentomino_q2
D:2:      layout_basic, led_sif_pool, nicolae_gozag_seed_capital,
          kennysheep_generic_room_16, uniq_terence
D:3:      layout_basic, kiku_gazebo_pond_becter
D:4:      layout_layer_cave, lemuel_crystal_altar, serial_shops,
          nicolae_shop_crystal, nrook_mini_vaults, minmay_curled_crystal
D:5:      layout_rooms, grunt_dithmenos_smoke
D:6:      layout_basic, chequers_temple_overflow_minitemple,
          minmay_temple_entry_glass, serial_glass, glass_columns_a,
          glass_columns_b, serial_shops, nicolae_shop_window_shopping,
          hangedman_decor_riveting, serial_bayou_pond_e, lemuel_tele_altar,
          uniq_blork_the_orc
D:7:      layout_gridville, fedhas_bush_and_centaur_altar,
          uniq_crazy_yiuf_cottage
D:8:      layout_cave_pools
D:9:      minmay_polygon_palace, layout_cave_pods
D:10:     layout_irregular_city, st_stairs_14
D:11:     layout_roguey, erik_lair_orcish_takeover, orc_0_dummy,
          portal_ice_cave_entry_ice_beasts
Temple:   eino_temple_lava
Lair:1:   layout_long_grid
Lair:2:   layout_cave_pods, ebering_ghost_xom, lemuel_fruit_tree
Lair:3:   layout_misc_corridors, minmay_shoals_entry_hut,
          minmay_shattered_shrine, grunt_megastairs_3
Shoals:1: layout_shoals

Skill      XL: |  1  2  3  4  5  6  7  8  9 10 11 12 |
---------------+-------------------------------------+-----
Axes           | 4 5 7 9 10 12 14 15 | 15.3
Dodging        | 2 3 4 5 |  5.6
Armour         | 2 3 4 5 6 7 |  7.1
Fighting       | 4 5 6 7 8 9 |  9.4
Stealth        | 1 |  1.7
Shields        | 3 |  3.2

Action                   |  1- 3 |  4- 6 |  7- 9 | 10-12 || total
-------------------------+-------+-------+-------+-------++-------
Melee: Hand axe          |    87 |   223 |   219 |       ||   529
       Tailslap          |     7 |    33 |    52 |    64 ||   156
       Battleaxe         |       |       |    52 |    91 ||   143
       Broad axe         |       |       |       |   267 ||   267
Invok: Berserk           |     3 |     5 |     6 |     7 ||    21
       Trog's Hand       |       |       |       |     1 ||     1
       Brothers in Arms  |       |       |       |     1 ||     1
 Abil: Rolling Charge    |     2 |    10 |    13 |    38 ||    63
  Use: Scroll            |     4 |    11 |     2 |    16 ||    33
       Potion            |       |     2 |     7 |     4 ||    13
Armor: Animal skin       |     8 |       |       |       ||     8
       Leather armour    |    25 |       |       |       ||    25
       Scale mail        |     2 |       |       |       ||     2
       Ring mail         |       |    99 |   120 |   120 ||   339
Dodge: Dodged            |    60 |   114 |   161 |   177 ||   512
Block: Tower shield      |       |       |       |    18 ||    18

Table legend: (Time is in decaauts)
 A = Elapsed time spent in this place.
 B = Non-inter-level travel time spent in this place.
 C = Inter-level travel time spent in this place.
 D = Time resting spent in this place.
 E = Time spent auto-exploring this place.
 F = Levels seen in this place.
 G = Mean time per level.
                   A        B        C        D        E       F      G
               +--------+--------+--------+--------+--------+-----+--------+
         Total |  15224 |  15131 |     93 |   3149 |   5825 |  17 |  895.5 |
       Dungeon |  10788 |  10720 |     68 |   1371 |   5117 |  11 |  980.7 |
        Temple |    111 |    111 |      0 |      0 |     97 |   1 |  111.0 |
          Lair |   2559 |   2534 |     25 |    620 |    611 |   3 |  853.0 |
        Shoals |    576 |    576 |      0 |    368 |      0 |   1 |  576.0 |
      Ice Cave |   1188 |   1188 |      0 |    789 |      0 |   1 | 1188.0 |
               +--------+--------+--------+--------+--------+-----+--------+

Top non-repeatable levels by time:
     D:2: 1325 daAuts
   IceCv: 1188 daAuts
     D:7: 1181 daAuts
     D:4: 1107 daAuts
     D:9: 1078 daAuts
    D:10: 1051 daAuts
     D:1: 1031 daAuts
     D:3: 934 daAuts
     D:5: 910 daAuts
  Lair:1: 896 daAuts
  Lair:2: 857 daAuts
  Lair:3: 805 daAuts
    D:11: 782 daAuts
     D:6: 710 daAuts
     D:8: 675 daAuts
